 Dungeon Crawl Stone Soup version 0.23.2-1-ga50397a (webtiles) character file.

Game seed: 10925623326049329365

173 myga the Magician (level 5, -9/36 HPs)
             Began as a Mummy Ice Elementalist on May 13, 2019.
             Was an Initiate of Dithmenos.
             Mangled by Pikel
             ... wielding a +1 whip of freezing
              (10 damage)
             ... on level 4 of the Dungeon.
             The game lasted 00:16:33 (4228 turns).

myga the Magician (Mummy Ice Elementalist)          Turns: 4228, Time: 00:16:34

Health: -9/36      AC:  6    Str: 11    XL:     5   Next: 28%
Magic:  3/12       EV: 12    Int: 16    God:    Dithmenos [......]
Gold:   86         SH:  0    Dex: 14    Spells: 3/13 levels left

rFire    . . .     SeeInvis .   m - +0 short sword (protect)
rCold    . . .     Gourm    .   (no shield)
rNeg     + + +     Faith    .   a - +0 robe
rPois    ∞         Spirit   .   o - +2 helmet
rElec    .         Reflect  .   (no cloak)
rCorr    .         Harm     .   (no gloves)
MR       .....                  n - +0 pair of boots
Stlth    ++........             (no amulet)
HPRegen  0.12/turn              i - +2 ring of intelligence
MPRegen  0.13/turn              l - ring of fire

@: very slightly contaminated
A: no food or potions, fire vulnerability, cold resistance 1, negative energy
resistance 3, torment resistance, unbreathing
a: Renounce Religion


You were on level 4 of the Dungeon.
You worshipped Dithmenos.
Dithmenos was noncommittal.
You were not hungry.

You visited 2 branches of the dungeon, and saw 5 of its levels.

You collected 86 gold pieces.

Inventory:

Hand Weapons
 m - a +0 short sword of protection (weapon)
Armour
 a - a +0 robe (worn)
 n - a +0 pair of boots (worn)
 o - a +2 helmet (worn)
Jewellery
 i - a +2 ring of intelligence (left hand)
 l - a ring of fire (right hand)
Wands
 g - a wand of acid (12)
Scrolls
 b - 2 scrolls of teleportation
 d - a scroll of fog
 e - a scroll of magic mapping {unknown}
 f - a scroll of immolation {unknown}
 h - a scroll of noise {unknown}
 j - 2 scrolls of enchant weapon {unknown}
 k - a scroll of remove curse {unknown}


   Skills:
 + Level 0.4 Fighting
 + Level 0.4 Short Blades
 + Level 2.0 Dodging
 + Level 2.1 Stealth
 + Level 4.7 Spellcasting
 + Level 1.2 Conjurations
 * Level 0.4 Charms
 + Level 3.2 Ice Magic


You had 3 spell levels left.
You knew the following spells:

 Your Spells              Type           Power        Failure   Level  Hunger
a - Freeze                Ice            ##..         4%          1    N/A
b - Throw Frost           Conj/Ice       ##....       10%         2    N/A
c - Ozocubu's Armour      Chrm/Ice       #.......     22%         3    N/A
d - Throw Icicle          Conj/Ice       ##......     52%         4    N/A

Your spell library contained the following spells:

 Spells                   Type           Power        Failure   Level  Hunger
 Summon Ice Beast         Ice/Summ       #.......     63%         4    N/A

Dungeon Overview and Level Annotations

Branches:
Dungeon (4/15)             Temple (1/1) D:4

Altars:
Ashenzari
Cheibriados
Dithmenos
Elyvilon
Gozag
Hepliaklqana
Makhleb
Nemelex Xobeh
Okawaru
Qazlal
Ru
Sif Muna
Trog
Uskayaw
Vehumet
Wu Jian
Xom
Zin
The Shining One

Shops:
D:4 *

Annotations:
D:4 Pikel


Innate Abilities, Weirdness & Mutations

You do not eat or drink.
Your flesh is vulnerable to fire.
You are immune to poison.
Your flesh is cold resistant. (rC+)
You are immune to negative energy. (rN+++)
You are immune to unholy pain and torment.
You can survive without breathing.


Message History

You freeze Pikel.
Pikel is severely wounded.
The gnoll shouts!
You hear a shout!
The slave closely misses you. The adder bites you but does no damage.
The slave hits you.
* * * LOW HITPOINT WARNING * * *
Pikel drinks a potion.
Pikel is healed!
The adder bites you.
* * * LOW HITPOINT WARNING * * *
Pikel hits you with a +1 whip of freezing.
* * * LOW HITPOINT WARNING * * *
Pikel freezes you.
* * * LOW HITPOINT WARNING * * *
The adder barely misses you.
Okay, then.
As you read the scroll of fog, it crumbles to dust.
The scroll dissolves into smoke.
The adder bites you but does no damage.
Pikel cracks his whip.
Pikel hits you with a +1 whip of freezing!
You die...

....#...##........####..#.######
....##...#...#.##..#.#......##..
###.###..##..#.#................
#.......#........#......#......
#..##......#....##.....##.#....
###..#####..#######...<..#..##...
#..?........#######......#..###..
#.....###.....§§#§...........#...
...#.## #..#..§K@p§..............
...#.####.###..#pS...............
....K##....##..§.§...##..........
.#.)......####..p....##..........
#...p.....# ###.g#.##....#......
#......#..# ##.#........
#...##.##.#####........#..
...####...!.....##g........ ##.
#....g.#......##......


You could see Pikel, 3 slaves, 2 gnolls and an adder.

Vanquished Creatures
  An orc priest (D:3)
  4 adders
  4 worms (D:3)
  A dart slug (D:3)
  4 leopard geckos
  9 orcs (D:3)
  4 giant cockroaches
  6 hobgoblins
  6 jackals
  2 quokkas (D:2)
  2 ball pythons
  17 bats
  6 frilled lizards
  7 goblins
  5 kobolds
  7 rats
85 creatures vanquished.

Notes
Turn   | Place    | Note
-------+----------+-------------------------------------------
     0 | D:1      | myga the Mummy Ice Elementalist began the quest for the
                  | Orb.
     0 | D:1      | Reached XP level 1. HP: 13/13 MP: 4/4
   326 | D:1      | Reached skill level 3 in Spellcasting
   326 | D:1      | Reached XP level 2. HP: 19/19 MP: 3/6
   375 | D:1      | Learned a level 2 spell: Throw Frost
  1351 | D:2      | Reached XP level 3. HP: 14/24 MP: 1/7
  1945 | D:2      | Learned a level 3 spell: Ozocubu's Armour
  2114 | D:2      | Reached skill level 4 in Spellcasting
  2114 | D:2      | Reached XP level 4. HP: 21/30 MP: 6/10
  2317 | D:2      | Learned a level 4 spell: Throw Icicle
  2741 | D:3      | Reached skill level 1 in Conjurations
  3556 | D:3      | Reached XP level 5. HP: 34/36 MP: 8/11
  3696 | D:3      | Found a hide-covered altar of Uskayaw.
  3893 | D:4      | Found Duiz's Assorted Antiques.
  3893 | D:4      | Found a staircase to the Ecumenical Temple.
  3928 | Temple   | Entered the Ecumenical Temple
  4138 | Temple   | Became a worshipper of Dithmenos the Shadowed
  4170 | D:4      | Noticed a slave
  4170 | D:4      | Noticed a slave
  4170 | D:4      | Noticed Pikel
  4170 | D:4      | Noticed a slave
  4171 | D:4      | Noticed a slave
  4176 | D:4      | Found the +3 giant club "Skullcrusher" {speed, Str+7}
  4227 | D:4      | HP: 1/36 [Pikel/+1 whip of freezing (1)]
  4228 | D:4      | Mangled by Pikel

Skill      XL: |  1  2  3  4  5 |
---------------+----------------+-----
Spellcasting   | 3 4 |  4.7
Ice Magic      | 3 |  3.2
Conjurations   | 1 |  1.2
Stealth        | 2 |  2.1
Dodging        | 2 |  2.0
Fighting       | |  0.4
Short Blades   | |  0.4
Charms         | |  0.4

Action                   |  1- 3 |  4- 6 || total
-------------------------+-------+-------++-------
Melee: Dagger            |    14 |    27 ||    41
       Unarmed           |     1 |       ||     1
       Short sword       |       |    19 ||    19
 Cast: Freeze            |    49 |    77 ||   126
       Throw Frost       |    16 |    14 ||    30
       Ozocubu's Armour  |       |     2 ||     2
  Use: Scroll            |     1 |     5 ||     6
 Stab: Sleeping          |     4 |     1 ||     5
Armor: Robe              |     7 |    36 ||    43
Dodge: Dodged            |    18 |    66 ||    84
